 Dungeon Crawl Stone Soup version 0.29.1-2-gbd0b4ee654 (webtiles) character file.

Game seed: 14121489238957264283

69 Raikaria the Sneak (level 4, -1/28 HPs)
             Began as a Kobold Brigand on Nov 6, 2022.
             Slain by a river rat (7 damage)
             ... in a sewer.
             The game lasted 00:04:28 (1231 turns).

Raikaria the Sneak (Kobold Brigand)                 Turns: 1231, Time: 00:04:29

Health: -1/28      AC:  4    Str:  8    XL:     4   Next: 42%
Magic:  4/4        EV: 15    Int: 12    God:
Gold:   61         SH:  0    Dex: 18    Spells: 3/3 levels left

rFire   . . .      SeeInvis .   a - +2 dagger
rCold   . . .      Faith    .   (no shield)
rNeg    . . .      Spirit   .   b - +0 robe
rPois   .          Reflect  .   (no helmet)
rElec   .          Harm     .   o - +0 cloak
rCorr   .          Rampage  .   f - +0 pair of gloves
Will    .....                   (no boots)
Stlth   ++++......              (no amulet)
HPRegen 0.09/turn               (no ring)
MPRegen 0.09/turn               (no ring)

@: no status effects
A: small, no large weapons, nightstalker 3
a: no special abilities


You were in a sewer.
You visited 1 branch of the dungeon, and saw 3 of its levels.
You also visited: Sewer.

You collected 61 gold pieces.

Inventory:

Hand Weapons
 a - a +2 dagger (weapon)
Missiles
 d - 9 poisoned darts (quivered)
 e - 3 curare-tipped darts
Armour
 b - a +0 robe (worn)
 c - a +0 cloak
 f - a +0 pair of gloves (worn)
 h - a +0 leather armour
 o - a +0 cloak (worn)
Scrolls
 g - 2 scrolls of magic mapping {unknown}
 i - a scroll of enchant weapon {unknown}
 j - a scroll of identify {unknown}
 m - a scroll of teleportation {unknown}
Potions
 k - a potion of lignification {unknown}
 l - a potion of cancellation {unknown}
 n - a potion of might {unknown}


   Skills:
 + Level 3.0 Fighting
 + Level 3.6 Short Blades
 - Level 2.1 Throwing
 + Level 2.5 Dodging
 + Level 6.0 Stealth


You had 3 spell levels left.
You didn't know any spells.
Your spell library contained the following spells:

 Spells                   Type           Power      Damage    Failure   Level
 Poisonous Vapours        Pois/Air       0%         N/A       45%         2
 Summon Guardian Golem    Hex/Summ       0%         N/A       69%         3
 Anguish                  Hex/Necr       0%         N/A       97%         4
 Corpse Rot               Necr/Pois/Air  0%         N/A       97%         4
 Enfeeble                 Hex            0%         N/A       100%        7
 Orb of Destruction       Conj           0%         9d5       100%        7
 Spellforged Servitor     Conj/Summ      0%         N/A       100%        7


Dungeon Overview and Level Annotations

Branches:
Dungeon (3/15)              Sewer (1/1)

Altars:

Shops:
D:2 *


Innate Abilities, Weirdness & Mutations

You are small and have problems with some larger weapons.
You are completely attuned to the shadows.


Message History

The rat twitches its whiskers.
The rat barely misses you.
You hit the rat.
You kill the rat!
As you open the door, it creaks loudly!
A hell rat comes into view.
The hell rat roars deafeningly!
The hell rat moves out of view.
Found five items.
A river rat comes into view.
There is an open door here.
You hit the hell rat but do no damage.
The river rat twitches its whiskers.
You barely miss the hell rat. The hell rat closely misses you.
The hell rat misses you.
You hit the hell rat.
The hell rat is lightly wounded.
A river rat comes into view.
The hell rat barely misses you.
You hit the hell rat but do no damage.
The hell rat is lightly wounded.
The hell rat closely misses you. The river rat attacks as you move away!
The river rat closely misses you.
A rat comes into view.
The river rat twitches its whiskers.
The river rat barely misses you.
You enter the shallow water.
Moving in this stuff is going to be slow.
You hit the river rat but do no damage. The river rat bites you.
You hit the river rat.
The river rat is lightly wounded.
The river rat barely misses you. The hell rat misses you.
You closely miss the river rat.
The river rat is lightly wounded.
You hit the river rat.
The river rat is lightly wounded.
The hell rat bites you! The river rat bites you!
* * * LOW HITPOINT WARNING * * *
The river rat bites you!
You die...

#####
###.~~###
#~..~.~.#
##~~†.~..##
#~~†###~..#
##~.##.##..##
#r@.#~~~#.~.#
#rr##~.!##.~#
#~.#r~~! #.~#
#~r'~~~! #∩∩#
#~~#~~~? #~~#
#.~##~~? #~~#
#~.r ~~~ ~.~#
##~ .##..##


You could see a hell rat, 2 river rats and a rat.

Vanquished Creatures
  An adder (D:2)
  A gnoll (D:1)
  A worm (D:3)
  2 dart slugs (D:1)
  2 ball pythons (D:3)
  4 endoplasms (D:1)
  A giant cockroach (D:1)
  7 goblins (D:1)
  3 hobgoblins (D:1)
  3 jackals (D:1)
  3 bats (D:1)
  4 frilled lizards
  2 kobolds (D:1)
  8 rats
42 creatures vanquished.

Vanquished Creatures (others)
  4 plants (D:1)
  4 toadstools (D:1)
8 creatures vanquished.

Grand Total: 50 creatures vanquished

Notes
Turn   | Place    | Note
-------+----------+-------------------------------------------
     0 | D:1      | Raikaria the Kobold Brigand began the quest for the Orb.
     0 | D:1      | Reached XP level 1. HP: 12/12 MP: 1/1
   113 | D:1      | Reached XP level 2. HP: 18/18 MP: 2/2
   462 | D:1      | Reached XP level 3. HP: 20/22 MP: 3/3
  1002 | D:2      | Reached XP level 4. HP: 27/27 MP: 4/4
  1024 | D:2      | Found Nodwynun's General Store.
  1166 | D:3      | Found a glowing drain.
  1179 | Sewer    | Entered a sewer
  1207 | Sewer    | Reached skill level 6 in Stealth
  1231 | Sewer    | Slain by a river rat

Illustrated notes

Levels and vault maps discovered:
D:1:      ldierk_walled_garden_2, layout_basic, nicolae_grassy_gnolls
D:2:      layout_loops_ring, serial_shops, nicolae_shop_crystal
D:3:      minmay_octagon_keep, layout_basic, amcnicky_altar_gilded,
          chequers_ecumenical_altar_simple_redux, cheibrodos_sewer_entry_sluice
Sewer:    sewer_hellmonk_bad_rat

Skill      XL: |  1  2  3  4 |
---------------+-------------+-----
Short Blades   | 3 |  3.6
Dodging        | 2 |  2.5
Fighting       | 3 |  3.0
Stealth        | 6 |  6.0
Throwing       | |  2.1

Action                   |  1- 3 |  4- 6 || total
-------------------------+-------+-------++-------
Melee: Dagger            |    72 |    37 ||   109
       Punch             |     1 |       ||     1
 Stab: Sleeping          |    21 |     4 ||    25
Armor: Robe              |    13 |     4 ||    17
Dodge: Dodged            |    37 |    17 ||    54
